 Dungeon Crawl Stone Soup version 0.29.1-13-g9f3cf754e1 (webtiles) character file.

Game seed: 14707588652436213809

1755 tizbic2 the Ruffian (level 8, -1/65 HPs)
             Began as a Demonspawn Berserker on Feb 11, 2023.
             Was a Priest of Trog.
             Killed from afar by an orc wizard (8 damage)
             ... with a puff of flame
             ... on level 5 of the Dungeon.
             The game lasted 00:17:21 (3882 turns).

tizbic2 the Ruffian (Demonspawn Berserker)          Turns: 3882, Time: 00:17:22

Health: -1/65      AC: 12    Str: 20    XL:     8   Next: 78%
Magic:  8/8        EV:  8    Int:  8    God:    Trog [***...]
Gold:   229        SH:  0    Dex: 19    Spells: 7/7 levels left

rFire   . . .      SeeInvis .   g - +5 falchion (vorpal)
rCold   . . .      Faith    .   (no shield)
rNeg    . . .      Spirit   .   i - +0 chain mail
rPois   .          Reflect  .   (helmet unavailable)
rElec   .          Harm     .   f - +2 cloak
rCorr   .          Rampage  .   (no gloves)
Will    ++...                   o - +0 pair of boots
Stlth   ..........              (no amulet)
HPRegen 1.20/turn               w - +6 ring of dexterity
MPRegen 0.11/turn               (no ring)

@: lethally poisoned (-1 -> -8), strong-willed, regenerating
A: horns 3, demonic magic 1
a: Renounce Religion, Berserk, Trog's Hand


You were on level 5 of the Dungeon.
You worshipped Trog.
Trog was most pleased with you.
You visited 1 branch of the dungeon, and saw 5 of its levels.

You collected 229 gold pieces.

Inventory:

Hand Weapons
 g - a +5 vorpal falchion (weapon)
 h - a +0 spear
 k - a +0 mace
 r - a +0 trident
 v - a +3 antimagic flail
 y - a +1 whip of freezing
Missiles
 c - 44 stones (quivered)
Armour
 e - a scarf of repulsion
 f - a +2 cloak (worn)
 i - a +0 chain mail (worn)
 o - a +0 pair of boots (worn)
Jewellery
 w - a +6 ring of dexterity (left hand)
Scrolls
 n - a scroll of magic mapping
 q - a scroll of vulnerability {unknown}
 t - a scroll of immolation
 x - 2 scrolls of enchant weapon {unknown}
Potions
 a - 3 potions of curing {unknown}
 b - 6 potions of degeneration {unknown}
 d - a potion of attraction {unknown}
 j - 2 potions of haste {unknown}
 l - a potion of resistance
 m - a potion of mutation {unknown}
 p - 2 potions of might {unknown}
 s - a potion of flight {unknown}


   Skills:
 + Level 6.6 Fighting
 * Level 4.9(5.4) Axes
 - Level 3.3(4.6) Polearms
 - Level 1.9 Armour
 - Level 1.9 Dodging
 + Level 6.7 Unarmed Combat


You had 7 spell levels left.
You didn't know any spells.
Your spell library was empty.

Dungeon Overview and Level Annotations

Branches:
Dungeon (5/15)
 Temple: D:4-7

Altars:
Makhleb
Okawaru
Qazlal


Innate Abilities, Weirdness & Mutations

You have a pair of large horns on your head.
Spells you cast may paralyse adjacent enemies.


Message History

The phantom hits you but does no damage.
The orc hits the plant with a +0 mace.
The plant begins to die.
You barely miss the phantom.
The phantom is moderately damaged.
You feel sick.
The phantom hits you but does no damage. x2
You hit the phantom.
The phantom is heavily damaged.
You feel sick. The phantom hits you.
* * * LOW HITPOINT WARNING * * *
Okay, then.
You hit the phantom.
The phantom is severely damaged.
You feel sick.
A nearby plant withers and dies.
The phantom hits you but does no damage.
Something hits you but does no damage.
Your skin crawls.
You feel strong-willed.
You feel sick. The orc hits you but does no damage.
Something hits you but does no damage.
The phantom hits you but does no damage.
You slash the phantom!
You destroy the phantom!
Trog accepts your kill.
You feel sick. The orc hits you but does no damage. Something hits you.
* * * LOW HITPOINT WARNING * * *
You are more poisoned.
Something hits you.
* * * LOW HITPOINT WARNING * * *
You are more poisoned.
The orc hits you but does no damage.
You barely miss the orc.
* * * LOW HITPOINT WARNING * * *
You feel very sick. The orc hits you with a +0 mace.
* * * LOW HITPOINT WARNING * * *
You hear some strange, mumbled words.
A puff of flame appears from out of thin air!
The puff of flame hits you!
You die...

## .######### ........##
# #........# #. ###.###
#..# ####.########.....#
#..#
............{@###.###..#
..P.PPPP.)P.o.# #......#
..P....)....#.# #.###..#
..P.P...P.P.#.....# #.†#
..P..._.P.P.###.### #..#
..P.P...P.P.# #.# #..###
..P.......P...> #
#....## #.P.PPPPP.P.###
#.....#### #...........#
#.........


You could see an orc.

Vanquished Creatures
  Pikel (D:4)
  Sigmund (D:2)
  Eustachio (D:4)
  Edmund (D:4)
  A sky beast (D:4)
  A black bear (D:5)
  A phantom (D:5)
  2 necrophages (D:4)
  3 scorpions
  A hound (D:5)
  Jessica (D:3)
  2 iguanas
  Robin (D:4)
  8 adders
  2 worms
  6 dart slugs
  3 orcs
  8 endoplasms
  8 goblins
  14 hobgoblins
  5 quokkas
  3 ball pythons (D:3)
  4 bats (D:1)
  3 frilled lizards
  9 kobolds
  9 rats
99 creatures vanquished.

Vanquished Creatures (others)
  3 plants (D:5)
  4 toadstools (D:1)
7 creatures vanquished.

Grand Total: 106 creatures vanquished

Notes
Turn   | Place    | Note
-------+----------+-------------------------------------------
     0 | D:1      | tizbic2 the Demonspawn Berserker began the quest for the
                  | Orb.
     0 | D:1      | Reached XP level 1. HP: 18/18 MP: 1/1
   363 | D:1      | Gained mutation: You have a pair of small horns on your
                  | head. [demonic ancestry]
   363 | D:1      | Reached XP level 2. HP: 18/24 MP: 2/2
   853 | D:1      | Found a faded altar of an unknown god.
  1154 | D:2      | Noticed Sigmund
  1164 | D:2      | Killed Sigmund
  1165 | D:2      | Reached XP level 3. HP: 30/30 MP: 3/3
  1165 | D:2      | Reached XP level 4. HP: 37/37 MP: 4/4
  1165 | D:2      | Gained mutation: You have a pair of horns on your head.
                  | [demonic ancestry]
  1165 | D:2      | Reached XP level 5. HP: 42/42 MP: 5/5
  1246 | D:2      | Reached ** piety under Trog
  1448 | D:2      | Reached skill level 5 in Unarmed Combat
  1705 | D:3      | Found a burning altar of Makhleb.
  1707 | D:3      | Noticed a blizzard demon
  1833 | D:3      | Noticed Jessica
  1863 | D:3      | Killed Jessica
  1864 | D:3      | Gained mutation: Spells you cast may paralyse adjacent
                  | enemies. [demonic ancestry]
  1864 | D:3      | Reached XP level 6. HP: 38/49 MP: 6/6
  2180 | D:3      | Noticed an angel
  2410 | D:4      | Noticed Robin
  2432 | D:3      | Reached *** piety under Trog
  2544 | D:4      | Reached skill level 1 in Polearms
  2585 | D:4      | Noticed Eustachio
  2596 | D:4      | Killed Eustachio
  2625 | D:4      | Reached skill level 5 in Fighting
  2625 | D:4      | Reached XP level 7. HP: 56/56 MP: 7/7
  2655 | D:4      | Noticed Edmund
  2669 | D:4      | Killed Edmund
  2826 | D:4      | Reached skill level 1 in Axes
  2844 | D:4      | Found a stormy altar of Qazlal.
  2882 | D:4      | Noticed Pikel
  2894 | D:4      | Killed Pikel
  2895 | D:4      | Gained mutation: You have a pair of large horns on your
                  | head. [demonic ancestry]
  2895 | D:4      | Reached XP level 8. HP: 23/64 MP: 8/8
  3178 | D:4      | Killed Robin
  3530 | D:5      | Entered Level 5 of the Dungeon
  3858 | D:5      | Found an iron altar of Okawaru.
  3882 | D:5      | Killed from afar by an orc wizard

Illustrated notes

Levels and vault maps discovered:
D:1:      ldierk_walled_garden_2, layout_loops_ring,
          dreamdust_ecumenical_altar_grove, serial_bayou_lagoon_b
D:2:      layout_rooms, uniq_sigmund
D:3:      layout_loops_ring, makhleb_altar_promises_db,
          mainiacjoe_overflow_six_doors_small, zin_angel, uniq_jessica
D:4:      layout_cave_pools, nicolae_qazlal_eye_of_the_storm, uniq_pikel,
          uniq_eustachio, uniq_edmund, uniq_robin
D:5:      layout_loops_ring, nicolae_overflow_hidden_temple,
          mainiacjoe_overflow_cross_hatched, minivault_1

Skill      XL: |  1  2  3  4  5  6  7  8 |
---------------+-------------------------+-----
Unarmed Combat | 4 5 6 |  6.7
Fighting       | 4 5 6 |  6.6
Polearms       | 2 3 |  3.3
Axes           | 3 4 |  4.9
Armour         | |  1.9
Dodging        | |  1.9

Action                   |  1- 3 |  4- 6 |  7- 9 || total
-------------------------+-------+-------+-------++-------
Melee: Dagger            |    52 |       |       ||    52
       Unarmed           |    19 |       |       ||    19
       Punch             |     4 |     3 |     3 ||    10
       Spear             |    25 |    86 |       ||   111
       Headbutt          |     7 |    32 |    18 ||    57
       Trident           |       |    52 |       ||    52
       Falchion          |       |     3 |    79 ||    82
       Flail             |       |       |     8 ||     8
Throw: Stone             |     3 |     1 |     3 ||     7
Invok: Berserk           |     1 |     1 |     1 ||     3
       Trog's Hand       |       |       |     1 ||     1
  Use: Scroll            |     2 |     3 |     2 ||     7
       Potion            |       |     2 |       ||     2
 Stab: Invisible         |       |     3 |       ||     3
Armor: Animal skin       |    14 |       |       ||    14
       Chain mail        |     7 |    89 |    93 ||   189
Dodge: Dodged            |    57 |    61 |    36 ||   154
